 Dungeon Crawl Stone Soup version 0.17-a0-848-g7e5c6af (webtiles) character file.

169 xeno23 the Ogre Mage (level 5, -7/50 HPs)
             Began as an Ogre Wizard on Apr 27, 2015.
             Killed from afar by Ijyb (22 damage)
             ... with a wand of lightning
             ... on level 3 of the Dungeon.
             The game lasted 00:13:06 (3729 turns).

xeno23 the Ogre Mage (Ogre Wizard)                  Turns: 3729, Time: 00:13:06

Health: -7/50      AC:  3    Str: 12    XL:     5   Next: 50%
Magic:  7/11       EV:  9    Int: 18    God:
Gold:   151        SH:  0    Dex:  8    Spells: 4 memorised, 4 levels left

rFire  . . .     SeeInvis .     x - +1 dagger (elec)
rCold  . . .     Clarity  .     a - +0 robe
rNeg   . . .     SustAb   .     (no shield)
rPois  .         Gourm    .     b - +0 hat
rElec  .         Spirit   .     (no cloak)
rCorr  .         Warding  .     (gloves unavailable)
rMut   .         Stasis   .     (boots unavailable)
MR     .....                    (no amulet)
Stlth  +.........               (no ring)
                                g - ring of flight

@: not resistant to hostile enchantments, very unstealthy
A: unfitting armour, tough skin 1
a: Evoke Flight


You were on level 3 of the Dungeon.
You were hungry.

You visited 1 branch of the dungeon, and saw 3 of its levels.

You collected 151 gold pieces.

Inventory:

Hand weapons
 w - a +0 spear
 x - a +1 dagger of electrocution (weapon)
Missiles
 u - 4 large rocks (quivered)
Armour
 a - a +0 robe (worn)
 b - a +0 hat (worn)
Jewellery
 g - a ring of flight (left hand)
Scrolls
 e - 3 scrolls of identify {unknown}
 k - a scroll of fog {unknown}
 l - 2 scrolls of teleportation {unknown}
 n - 2 scrolls of recharging {unknown}
 p - a scroll of noise {unknown}
 v - 3 scrolls of remove curse {unknown}
Potions
 h - a potion of ambrosia {unknown}
 i - 2 potions of restore abilities {unknown}
 j - 2 potions of curing {unknown}
 m - a potion of mutation {unknown}
 r - a potion of might {unknown}
 s - a potion of experience {unknown}
 t - a potion of heal wounds {unknown}
Books
 c - a book of Minor Magic

   Spells                             Type                      Level
   a - Magic Dart                     Conjuration                  1
   b - Blink                          Translocation                2
   c - Call Imp                       Summoning                    2
   d - Repel Missiles                 Charms/Air                   2
   e - Slow                           Hexes                        2
   f - Conjure Flame                  Conjuration/Fire             3
   g - Mephitic Cloud                 Conjuration/Poison/Air       3
Comestibles
 d - 3 bread rations
 f - a slice of pizza
 o - 2 fruits


   Skills:
 + Level 2.6 Fighting
 * Level 1.0 Throwing
 - Level 1.9 Dodging
 - Level 1.5 Stealth
 - Level 4.0 Spellcasting
 + Level 1.8 Conjurations
 * Level 2.3 Summonings
 - Level 0.6 Translocations


You had 4 spell levels left.
You knew the following spells:

 Your Spells              Type           Power        Failure   Level  Hunger
a - Magic Dart            Conj           ##..         10%         1    None
b - Blink                 Tloc           N/A          17%         2    ##.....
c - Call Imp              Summ           ##......     12%         2    ##.....
d - Conjure Flame         Conj/Fire      #.......     34%         3    ###....


Dungeon Overview and Level Annotations

Branches:
Dungeon (3/15)

Altars:
Dithmenos
Qazlal

Annotations:
D:3 Ijyb


Innate Abilities, Weirdness & Mutations

You are too large for most types of armour.
You have tough skin (AC +1).


Message History

A beastly little devil appears in a puff of flame.
Your crimson imp blinks!
You hit Ijyb.
Ijyb is lightly wounded.
Ijyb hits you.
You take 2 damage.
You hit Ijyb.
Ijyb is moderately wounded.
Ijyb zaps a wand.
The bolt of lightning hits you!
Ouch! That really hurt!
* * * LOW HITPOINT WARNING * * *
You take 27 damage.
You barely miss Ijyb.
Ijyb is moderately wounded.
Ijyb zaps a wand.
Nothing appears to happen.
Casting: Call Imp
Confirm with . or Enter, or press ? or * to list all spells.
A metallic apparition takes form in the air.
Ijyb zaps a wand.
The bolt of lightning hits you!
You die...

#^ยง............#
.^.#.#.........#
...#...........#
^.###..........#
#โ‰ˆ#............#
โ‰ˆ...#.#..##...#####
#^..#.#.#####.....#
โ‰ˆ............5###.#
...#....#####...@.###
...##....# #####g..#
......##.#####..)5#.#
..........#....#### #
...............##
...#............#
...#............###
...#..............#
#..##...)......##g.......


You could see Ijyb, a friendly iron imp and a friendly crimson imp.

Vanquished Creatures
  Terence (D:2)
  Natasha (twice) (D:2)
  2 adders
  An adder skeleton (D:3)
  2 worms (D:3)
  9 orcs (D:3)
  7 giant cockroaches
  7 goblins
  5 hobgoblins
  2 quokkas
  7 bats
  2 giant newts
  10 kobolds
  7 rats
64 creatures vanquished.

Vanquished Creatures (collateral kills)
  Jessica (D:3)
  Natasha (D:2)
  A worm (D:3)
  A giant gecko (D:2)
  A hobgoblin (D:3)
  2 jackals (D:2)
  A kobold (D:3)
8 creatures vanquished.

Vanquished Creatures (others)
  A white imp (D:2)
1 creature vanquished.

Grand Total: 73 creatures vanquished

Notes
Turn   | Place    | Note
--------------------------------------------------------------
     0 | D:1      | xeno23, the Ogre Wizard, began the quest for the Orb.
     0 | D:1      | Reached XP level 1. HP: 16/16 MP: 5/5
   395 | D:1      | Reached XP level 2. HP: 12/24 MP: 1/6
   399 | D:1      | Learned a level 2 spell: Call Imp
   402 | D:1      | Learned a level 2 spell: Blink
   703 | D:1      | Reached skill level 1 in Fighting
   795 | D:1      | Reached skill level 4 in Spellcasting
  1423 | D:1      | Reached skill level 1 in Summonings
  1449 | D:1      | Reached skill level 1 in Conjurations
  1572 | D:2      | Reached XP level 3. HP: 25/33 MP: 8/8
  1594 | D:2      | Found a shadowy altar of Dithmenos.
  1953 | D:2      | Noticed Natasha
  1965 | D:2      | Killed Natasha
  2165 | D:2      | Reached XP level 4. HP: 34/42 MP: 8/10
  2170 | D:2      | Learned a level 3 spell: Conjure Flame
  2209 | D:2      | Noticed Natasha
  2212 | D:2      | Killed Natasha
  2247 | D:2      | Noticed Terence
  2265 | D:2      | Killed Terence
  2433 | D:2      | Found a shadowy altar of Dithmenos.
  2673 | D:2      | Noticed Natasha
  2678 | D:2      | Killed Natasha
  2955 | D:3      | Noticed Jessica
  2965 | D:3      | Killed Jessica
  2965 | D:3      | Reached XP level 5. HP: 46/50 MP: 9/11
  2980 | D:3      | Found a stormy altar of Qazlal.
  3408 | D:3      | Reached skill level 1 in Throwing
  3711 | D:3      | Noticed Ijyb
  3729 | D:3      | Killed from afar by Ijyb

Action                   |  1- 3 |  4- 6 || total
-------------------------+-------+-------++-------
Melee: Unarmed           |   208 |     5 ||   213
       Falchion          |       |    86 ||    86
       Dagger            |       |    38 ||    38
 Cast: Magic Dart        |    34 |    21 ||    55
       Call Imp          |     3 |     9 ||    12
  Eat: Chunk             |     4 |     5 ||     9
